 Dungeon Crawl Stone Soup version 0.22-a0-877-g5c4e1af (webtiles) character file.

15608 Johnny the Geomancer (level 12, -4/199 HPs)
             Began as a Human Earth Elementalist on July 29, 2018.
             Was a Priest of Vehumet.
             Splashed by an acid dragon's acid (8 damage)
             ... on level 11 of the Dungeon.
             The game lasted 00:23:54 (12919 turns).

Johnny the Geomancer (Human Earth Elementalist)    Turns: 12919, Time: 00:23:55

Health: -4/199     AC: 26    Str: 11 (13) XL:     12   Next: 59%
Magic:  25/25      EV:  2    Int: 18 (21) God:    Vehumet [***...]
Gold:   600        SH:  6    Dex: 21 (22) Spells: 16/29 levels left

rFire    + . .     SeeInvis .   t - +1 whip (elec)
rCold    + . .     Gourm    .   g - +0 buckler
rNeg     + + +     Faith    .   (armour currently unavailable)
rPois    +         Spirit   .   (helmet currently unavailable)
rElec    +         Reflect  .   (cloak currently unavailable)
rCorr    +         Harm     .   (gloves currently unavailable)
MR       .....     NoTele   +   (boots currently unavailable)
Stlth    ..........             (no amulet)
HPRegen  0.43/turn              e - ring of resist corrosion
MPRegen  0.19/turn              s - +3 ring of dexterity

@: agile, berserking (expiring), tree-form, resistant, very slightly
contaminated, very quick
A: no striking features
a: Renounce Religion


You were on level 11 of the Dungeon.
You worshipped Vehumet.
Vehumet was most pleased with you.
You were hungry.
You were a tree.
You visited 2 branches of the dungeon, and saw 12 of its levels.
You also visited: Sewer and Ossuary.

You collected 600 gold pieces.

Inventory:

Hand Weapons
 t - a +1 whip of electrocution (weapon)
 L - a +1 trident of flaming
Missiles
 b - 32 stones (quivered)
Armour
 g - a +0 buckler (worn)
 o - a +0 helmet (melded)
 w - a +2 leather armour of poison resistance (melded)
 G - a +2 cloak of magic resistance (melded)
 J - a +0 pair of gloves (melded)
Jewellery
 e - a ring of resist corrosion (left branch)
 p - an uncursed ring of flight
 s - a +3 ring of dexterity (right branch)
Wands
 y - a wand of digging (19)
 A - a wand of flame (1)
 F - a wand of polymorph (13)
Scrolls
 c - a scroll of enchant armour
 i - 4 scrolls of magic mapping
 j - 3 scrolls of teleportation
 v - 3 scrolls of amnesia
 C - 3 scrolls of remove curse
 I - 3 scrolls of noise
 M - 2 scrolls of immolation
Potions
 h - a potion of flight
 k - 6 potions of curing
 m - a potion of agility
 n - 4 potions of brilliance
 r - a potion of haste
 x - 2 potions of degeneration
 z - 3 potions of might
Comestibles
 d - 15 rations


   Skills:
 + Level 6.6 Fighting
 + Level 6.5 Armour
 + Level 7.0 Dodging
 - Level 2.0 Stealth
 + Level 6.5 Shields
 * Level 9.0 Spellcasting
 - Level 1.0 Transmutations
 * Level 9.9 Earth Magic
 + Level 5.8 Evocations


You had 16 spell levels left.
You knew the following spells:

 Your Spells              Type           Power        Failure   Level  Hunger
a - Sandblast             Erth           #####.       1%          1    None
b - Stone Arrow           Conj/Erth      ####..       1%          3    None
c - Petrify               Tmut/Erth      ####....     10%         4    ###....
d - Lee's Rapid Deconstr  Erth           #####.....   1%          5    #####..

Your spell library contained the following spells:

 Spells                   Type           Power        Failure   Level  Hunger
 Magic Dart               Conj           #...         2%          1    None
 Apportation              Tloc           #.....       9%          1    None
 Confuse                  Hex            #.......     26%         3    None
 Summon Small Mammal      Summ           #...         9%          1    None
 Iskenderun's Mystic Bla  Conj           #.......     22%         4    ###....
 Animate Skeleton         Necr           N/A          9%          1    None
 Tukima's Dance           Hex            #.......     26%         3    None
 Confusing Touch          Hex            #.....       9%          1    None
 Passwall                 Tmut/Erth      ####....     1%          2    None
 Ensorcelled Hibernation  Hex/Ice        #.....       13%         2    None
 Metabolic Englaciation   Hex/Ice        #.........   94%         5    #####..
 Corona                   Hex            #......      9%          1    None
 Fulminant Prism          Conj/Hex       #.........   22%         4    ###....
 Dazzling Spray           Conj/Hex       #.....       7%          3    None
 Force Lance              Conj/Tloc      #.......     22%         4    ###....
 Searing Ray              Conj           #.....       3%          2    None
 Gell's Gravitas          Tloc           #.........   26%         3    None
 Yara's Violent Unravell  Hex/Tmut       #.........   43%         5    #####..


Dungeon Overview and Level Annotations

Branches:
Dungeon (11/15)            Temple (1/1) D:7             Orc (0/2) D:9
   Lair: D:8-11

Altars:
Ashenzari
Cheibriados
Dithmenos
Elyvilon
Fedhas
Gozag
Hepliaklqana
Kikubaaqudgha
Makhleb
Nemelex Xobeh
Okawaru
Qazlal
Ru
Sif Muna
Trog
Uskayaw
Vehumet
Wu Jian
Xom
Yredelemnul
Zin
The Shining One


Message History

The acid dragon claws you but does no damage.
You are too berserk!
The orc shouts!
You whack something! Lightning courses through something!
You hear a shout!
Something hits you but does no damage. x2; The orc hits you with a whip.
* * * LOW HITPOINT WARNING * * *
You block the acid dragon's attack.
The acid dragon claws you but does no damage.
You whack something! Lightning courses through something!
Vehumet accepts your kill.
Reactivating autopickup.
You feel a bit more experienced.
The orc priest hits you but does no damage.
You barely miss the acid dragon.
The acid dragon is moderately wounded.
The acid dragon spits acid at you. The splash of acid hits you!
You are splashed with acid!
The acid burns!
You resist.
You die...

#################
..######YY.Y............
.......♣#######'###...##
..##..oDoo# .........
.....#..#...P.P..P#.........
....#...............YY.....
...........................
#...#.........♣o.♣....Y....
####...#......................
#......'........o.....
#..l..)#


You could see 3 yaks, 2 orc warriors, an acid dragon, an orc priest and 2 orcs.

Vanquished Creatures
  Josephine (D:10)
  2 two-headed ogres
  Nergalle (D:10)
  An unseen horror (D:11)
  A cyclops (D:8)
  2 centaur zombies
  A gargoyle (D:11)
  A troll (D:10)
  A merfolk (D:9)
  A hornet (shapeshifter) (D:11)
  Prince Ribbit (D:7)
  A hippogriff (D:11)
  8 yaks (D:9)
  2 wyverns
  7 wraiths
  A basilisk (D:11)
  2 hungry ghosts (D:9)
  Menkaure (D:4)
  5 ice beasts
  2 porcupines (D:11)
  A hornet zombie (D:8)
  4 orc warriors
  6 phantoms
  A sky beast (D:10)
  A black bear (D:8)
  9 ogres
  2 centaurs
  3 big kobolds (Sewer)
  Blork the orc (D:4)
  2 crocodiles (D:11)
  6 bullfrogs
  A gnoll sergeant (D:9)
  2 wyvern zombies
  5 scorpions
  A water moccasin skeleton (D:10)
  A wyvern skeleton (D:9)
  26 wights
  4 killer bees (D:10)
  2 howler monkeys
  2 crimson imps
  3 bullfrog zombies
  6 hounds
  4 jellies
  Crazy Yiuf (D:4)
  A bullfrog skeleton (D:9)
  A gnoll shaman (D:7)
  7 orc priests
  7 orc wizards
  3 centaur skeletons
  3 iguanas
  6 worker ants
  A hound zombie (D:10)
  A hound skeleton (D:4)
  A worker ant zombie (D:7)
  Robin (D:2)
  6 adders
  12 gnolls
  A shadow imp (D:10)
  3 oozes
  3 adder skeletons
  A worm (D:4)
  8 dart slugs
  9 leopard geckos
  37 orcs
  10 bats
  9 giant cockroaches
  12 goblins
  12 hobgoblins
  7 jackals
  4 quokkas
  3 ball pythons
  2 ball python skeletons (Ossuary)
  6 frilled lizards
  A hobgoblin skeleton (Ossuary)
  19 kobolds
  A kobold zombie (Ossuary)
  An orc skeleton (Ossuary)
  6 rats
341 creatures vanquished.

Vanquished Creatures (others)
  A human (D:3)
  5 bushes (D:11)
  4 fungi (D:11)
  14 plants (D:11)
24 creatures vanquished.

Grand Total: 365 creatures vanquished

Notes
Turn   | Place    | Note
-------+----------+-------------------------------------------
     0 | D:1      | Johnny the Human Earth Elementalist began the quest for the Orb.
     0 | D:1      | Reached XP level 1. HP: 13/13 MP: 3/3
   198 | D:1      | Reached XP level 2. HP: 14/19 MP: 0/5
   451 | D:1      | Reached XP level 3. HP: 17/25 MP: 6/6
  1195 | D:1      | Reached XP level 4. HP: 9/31 MP: 4/7
  1718 | D:2      | Reached skill level 1 in Fighting
  1718 | D:2      | Reached skill level 1 in Armour
  1725 | D:2      | Reached skill level 1 in Shields
  2053 | D:2      | Reached XP level 5. HP: 37/37 MP: 9/9
  2113 | D:2      | Noticed Robin
  2121 | D:2      | Killed Robin
  2385 | D:2      | Found an ancient bone altar of Kikubaaqudgha.
  2387 | D:2      | Found a deep blue altar of Sif Muna.
  2401 | D:2      | Found a radiant altar of Vehumet.
  2403 | D:2      | Identified Kikubaaqudgha's Tome of Dark Rituals
  2759 | D:2      | Found a burning altar of Makhleb.
  2768 | D:2      | Reached XP level 6. HP: 32/43 MP: 10/10
  3067 | D:3      | Found a faded altar of an unknown god.
  3139 | D:3      | Found a glowing drain.
  3166 | Sewer    | Entered a sewer
  3419 | Sewer    | Reached XP level 7. HP: 31/50 MP: 0/12
  3889 | D:3      | Found an ancient bone altar of Kikubaaqudgha.
  3900 | D:3      | Noticed a human
  3902 | D:3      | Killed a human
  3969 | D:4      | Noticed Menkaure
  3982 | D:4      | Killed Menkaure
  4147 | D:4      | Learned a level 3 spell: Stone Arrow
  4169 | D:4      | Got an encrusted battleaxe
  4206 | D:4      | Found a shattered altar of Ashenzari.
  4321 | D:4      | Reached skill level 5 in Earth Magic
  4619 | D:4      | Noticed Blork the orc
  4630 | D:4      | Killed Blork the orc
  4630 | D:4      | Reached XP level 8. HP: 46/57 MP: 11/14
  4790 | D:4      | Got a pitted mace
  4793 | D:4      | Got a slimy mace
  4795 | D:4      | Found a runed door.
  4799 | D:4      | Noticed Crazy Yiuf
  4806 | D:4      | Killed Crazy Yiuf
  4952 | D:4      | Identified the +4 battleaxe "Hinudem" {freeze, rPois Int+3} (You found it on level 4 of the Dungeon)
  4953 | D:4      | Identified the +1 mace "Kiotz" {vamp, Int+2 Dex+4} (You found it on level 4 of the Dungeon)
  4954 | D:4      | Identified the cursed +3 mace of Attainder {flame, *Contam Dex+4} (You found it on level 4 of the Dungeon)
  5047 | D:4      | Reached skill level 1 in Evocations
  5398 | D:5      | Entered Level 5 of the Dungeon
  5578 | D:5      | Reached skill level 5 in Spellcasting
  5584 | D:5      | Found an opulent altar of Gozag.
  5749 | D:5      | Found a basalt altar of Yredelemnul.
  5752 | D:5      | Reached XP level 9. HP: 63/64 MP: 9/16
  5917 | D:6      | Found a sparkling altar of Nemelex Xobeh.
  5932 | D:6      | Found a hide-covered altar of Uskayaw.
  6033 | D:6      | Found an iron altar of Okawaru.
  6050 | D:6      | Found a shimmering altar of Xom.
  6233 | D:6      | Found a hazy altar of Hepliaklqana.
  6350 | D:7      | Found a sand-covered staircase.
  6358 | Ossuary  | Entered an ossuary
  7524 | D:7      | Found a glowing golden altar of the Shining One.
  7525 | D:7      | Found a shadowy altar of Dithmenos.
  7707 | D:7      | Found an ornate altar of the Wu Jian Council.
  7723 | D:7      | Noticed Prince Ribbit
  7731 | D:7      | Killed Prince Ribbit
  7769 | D:7      | Found a staircase to the Ecumenical Temple.
  7792 | Temple   | Entered the Ecumenical Temple
  8051 | D:2      | Became a worshipper of Vehumet
  8206 | D:7      | Reached XP level 10. HP: 70/72 MP: 12/19
  8395 | D:8      | Found a radiant altar of Vehumet.
  8543 | D:8      | Reached skill level 5 in Dodging
  8911 | D:8      | Noticed a two-headed ogre
  8911 | D:8      | Noticed a cyclops
  9133 | D:8      | Killed a two-headed ogre
  9468 | D:8      | Reached * piety under Vehumet
  9468 | D:8      | Offered knowledge of Magic Dart by Vehumet.
  9474 | D:8      | Killed a cyclops
  9474 | D:8      | Reached skill level 5 in Fighting
  9474 | D:8      | Reached skill level 5 in Armour
  9474 | D:8      | Reached skill level 5 in Shields
  9662 | D:9      | Noticed a two-headed ogre
  9669 | D:9      | Killed a two-headed ogre
  9669 | D:9      | Reached XP level 11. HP: 32/80 MP: 12/22
 10562 | D:9      | Found a shimmering altar of Xom.
 10567 | D:9      | Found a staircase to the Orcish Mines.
 10756 | D:9      | Reached ** piety under Vehumet
 10756 | D:9      | Offered knowledge of Shock by Vehumet.
 11033 | D:10     | Entered Level 10 of the Dungeon
 11199 | D:10     | Noticed Nergalle
 11206 | D:10     | Learned a level 4 spell: Petrify
 11212 | D:10     | Learned a level 5 spell: Lee's Rapid Deconstruction
 11582 | D:10     | Reached skill level 5 in Evocations
 11583 | D:10     | Noticed Josephine
 11598 | D:10     | Killed Josephine
 11841 | D:10     | Reached XP level 12. HP: 83/88 MP: 24/24
 11886 | D:10     | Killed Nergalle
 11901 | D:10     | Offered knowledge of Static Discharge by Vehumet.
 12091 | D:11     | Reached *** piety under Vehumet
 12126 | D:11     | Paralysed by a hornet for 2 turns
 12130 | D:11     | Paralysed by a hornet for 3 turns
 12509 | D:11     | Offered knowledge of Mephitic Cloud by Vehumet.
 12575 | D:11     | Noticed a four-headed hydra
 12916 | D:11     | HP: 8/199 [something (5)]
 12917 | D:11     | HP: 3/199 [orc/whip (1)]
 12918 | D:11     | Killed an unseen horror
 12919 | D:11     | Splashed by an acid dragon's acid

Vault maps used:
D:1:      minmay_arrival_widening_spiral_wide, minmay_ruptured
D:2:      grunt_temple_overflow_magic_moments, minmay_misc_feat_four_crosses,
          kennysheep_crisscross, makhleb_heckhound_becter, uniq_robin
D:3:      portal_sewer_entry_f, chequers_ecumenical_altar_simple,
          tgw_kikubaaqudgha
D:4:      ashenzari_conservatory_becter, uniq_menkaure, uniq_crazy_yiuf_cottage,
          uniq_blork_the_orc
D:5:      lemuel_doored_altar, lemuel_coloured_pillars_altar, first_ration,
          minmay_misc_feat_enclosed
D:6:      nicolae_overflow_quartered_altars, serial_glass, glass_columns_a,
          glass_columns_b, xom_teletrap_fun
D:7:      lemuel_crystal_altar, grunt_temple_overflow_open,
          minmay_temple_entry_statues_pillars, chequers_ossuary_entry_cave,
          serial_bayou_pond_a, kennysheep_generic_room_13, uniq_prince_ribbit1
D:8:      cheibrodos_barr_body, basic_altar
D:9:      orc_0_dummy, basic_altar, hangedman_fish_farm
D:10:     uniq_josephine, uniq_nergalle
D:11:     minmay_lair_entry_grove, special_room
Temple:   compressed_dpeg_triangle_lava_temple
Sewer:    kennysheep_pipe_town
Ossuary:  ossuary_due_cavern

Skill      XL: |  1  2  3  4  5  6  7  8  9 10 11 12 |
---------------+-------------------------------------+-----
Fighting       | 1 2 3 4 5 6 |  6.6
Armour         | 1 2 3 4 5 6 |  6.5
Shields        | 1 2 3 4 5 6 |  6.5
Spellcasting   | 3 4 5 6 7 8 9 |  9.0
Earth Magic    | 4 5 6 8 9 |  9.9
Dodging        | 3 4 5 6 7 |  7.0
Evocations     | 1 3 4 5 |  5.8
Stealth        | |  2.0
Transmutations | |  1.0

Action                   |  1- 3 |  4- 6 |  7- 9 | 10-12 || total
-------------------------+-------+-------+-------+-------++-------
Melee: Dagger            |    75 |   173 |   101 |       ||   349
       Whip              |       |       |    47 |   478 ||   525
       Trident           |       |       |    23 |       ||    23
 Cast: Sandblast         |    13 |    48 |   118 |   137 ||   316
       Stone Arrow       |       |       |    36 |    63 ||    99
       Lee's Rapid Decon |       |       |       |    12 ||    12
       Petrify           |       |       |       |     4 ||     4
Evoke: Wand              |       |       |    16 |    27 ||    43
  Use: Scroll            |       |     4 |    15 |    16 ||    35
       Potion            |       |       |       |    18 ||    18
 Stab: Sleeping          |     3 |     5 |    10 |     2 ||    20
       Distracted        |       |     1 |       |       ||     1
  Eat: Chunk             |       |     8 |    10 |    17 ||    35
       Ration            |       |       |     2 |     1 ||     3
Armor: Robe              |    11 |    34 |    14 |       ||    59
       Leather armour    |       |       |    24 |   167 ||   191
       Skin              |       |       |       |    13 ||    13
Dodge: Dodged            |    52 |   152 |   144 |   448 ||   796
Block: Buckler           |    15 |    40 |    55 |   164 ||   274

Table legend:
 A = Spawn XP
 B = Non-spawn XP
 C = Spawn XP percentage of total XP
 D = Spawn monster count
 E = Non-spawn monster count
 F = Spawn count percentage of total count
 G = Total turns spent on level
                    A         B        C        D         E        F      G
               +---------+---------+-------+---------+---------+-------+---------
         Total |       0 |   22298 |   0.0 |       0 |     341 |   0.0 | 12919
               +---------+---------+-------+---------+---------+-------+---------
           D:1 |       0 |      75 |   0.0 |       0 |      31 |   0.0 |  1557
           D:2 |       0 |     204 |   0.0 |       0 |      31 |   0.0 |  1440
           D:3 |       0 |      67 |   0.0 |       0 |      24 |   0.0 |   508
           D:4 |       0 |     747 |   0.0 |       0 |      26 |   0.0 |  1484
           D:5 |       0 |     576 |   0.0 |       0 |       8 |   0.0 |   470
           D:6 |       0 |     155 |   0.0 |       0 |       4 |   0.0 |   487
           D:7 |       0 |    1248 |   0.0 |       0 |      30 |   0.0 |   586
           D:8 |       0 |    3454 |   0.0 |       0 |      32 |   0.0 |  1592
           D:9 |       0 |    4306 |   0.0 |       0 |      34 |   0.0 |  1171
          D:10 |       0 |    5155 |   0.0 |       0 |      37 |   0.0 |   981
          D:11 |       0 |    5249 |   0.0 |       0 |      48 |   0.0 |   905
         Sewer |       0 |     341 |   0.0 |       0 |      24 |   0.0 |   551
       Ossuary |       0 |     721 |   0.0 |       0 |      12 |   0.0 |  1065
               +---------+---------+-------+---------+---------+-------+---------
